 Dungeon Crawl Stone Soup version 0.30.0-29-ga12c61a403 (webtiles) character file.

Game seed: 10587103147461411475

6699 Heoruswealwe the Eclecticist (level 10, -6/75 HPs)
             Began as a Deep Elf Earth Elementalist on June 11, 2023.
             Was a Follower of Vehumet.
             Mangled by Fannar
             ... wielding a staff of cold
              (23 damage)
             ... on level 10 of the Dungeon on June 12, 2023.
             The game lasted 02:01:56 (8493 turns).

Heoruswealwe the Eclecticist (DEEE)                 Turns: 8493, Time: 02:02:13

Health: -6/75      AC: 25    Str:  4    XL:     10   Next: 74%
Magic:  16/31      EV:  2    Int: 29    God:    Vehumet [*.....]
Gold:   214        SH:  5    Dex: 14    Spells: 19/39 levels left

rFire   + . .        b - +1 rapier (freeze)
rCold   . . .        (no shield)
rNeg    + + .        c - melded +2 robe {rF+}
rPois   +            g - melded +2 helmet
rElec   .            h - melded +0 cloak
rCorr   +            f - melded +0 pair of gloves
SInv    +            (boots currently unavailable)
Will    +++..        i - amulet of Ratuymn {Reflect rN++ Will+ Regen+ rCorr SH+5}
Stlth   ++           k - ring of see invisible
HPRegen 1.12/turn    j - ring "Ucihidau" {Wiz rPois rF+ Will+}
MPRegen 0.22/turn

%: reflection, clarity, wizardry (x1)
@: tree-form, unable to drink
A: stationary, stasis, torment immunity, boosted hp, clarity, clever 1,
inability to drink after injury 1
a: Renounce Religion


You were on level 10 of the Dungeon.
You worshipped Vehumet.
Vehumet was aware of your devotion.
You were a tree.
You visited 2 branches of the dungeon, and saw 11 of its levels.
You also visited: Bailey.

You collected 718 gold pieces.
You spent 504 gold pieces at shops.

Inventory:

Hand Weapons
 b - a +1 rapier of freezing (weapon)
 w - a +0 arbalest
 A - a +3 long sword
 J - a +4 battleaxe
Armour
 c - a +2 robe of fire resistance (melded)
 f - a +0 pair of gloves (melded)
 g - a +2 helmet (melded)
 h - a +0 cloak (melded)
Magical Staves
 r - a staff of poison
Jewellery
 i - the amulet of Ratuymn (around neck) {Reflect rN++ Will+ Regen+ rCorr SH+5}
   (You found it on level 7 of the Dungeon)

   [amulet of reflection]

   It reflects blocked missile attacks.
   rN:        It greatly protects you from negative energy.
   Regen:     It increases your rate of health regeneration.
   rCorr:     It protects you from acid and corrosion.
   SH:        It affects your SH (+5).
   Will:      It increases your willpower.
 j - the ring "Ucihidau" (right branch) {Wiz rPois rF+ Will+}
   (You found it on level 10 of the Dungeon)

   [ring of wizardry]

   It improves your spell success rate.
   rF:        It protects you from fire.
   rPois:     It protects you from poison.
   Will:      It increases your willpower.
 k - a ring of see invisible (left branch)
 N - a +6 ring of intelligence
Wands
 t - a wand of quicksilver (13)
 y - a wand of flame (22)
 B - a wand of charming (21)
 F - a wand of iceblast (12)
Scrolls
 a - 3 scrolls of poison
 d - 7 scrolls of teleportation
 e - 3 scrolls of enchant weapon
 o - 4 scrolls of fog {unknown}
 u - 2 scrolls of amnesia {unknown}
 x - 2 scrolls of enchant armour {unknown}
 z - 3 scrolls of magic mapping {unknown}
 D - 2 scrolls of vulnerability {unknown}
 K - a scroll of blinking
Potions
 l - a potion of lignification
 m - 2 potions of magic
 n - a potion of might {unknown}
 p - 2 potions of ambrosia {unknown}
 q - 2 potions of curing
 s - 2 potions of haste {unknown}
 v - 3 potions of mutation
 C - a potion of invisibility {unknown}
 H - 3 potions of cancellation {unknown}
 I - a potion of resistance {unknown}
 L - 2 potions of flight
 M - a potion of brilliance
Miscellaneous
 E - a condenser vane
 G - a piece from Xom's chessboard (15/15)


   Skills:
 - Level 2.4 Dodging
 - Level 2.4 Stealth
 + Level 15.2 Spellcasting
 - Level 1.1 Transmutations
 + Level 13.0 Earth Magic


You had 19 spell levels left.
You knew the following spells:

 Your Spells              Type           Power      Damage    Failure   Level
a - Sandblast             Erth           100%       2d20      0%          1
b - Stone Arrow           Conj/Erth      100%       3d13      1%          3
c - Petrify               Tmut/Erth      58%        N/A       1%          4
d - Animate Armour        Summ/Erth      100%       N/A       1%          4
e - Statue Form           Tmut/Erth      38%        N/A       8%          6
z - Passwall              Tmut/Erth      48%        N/A       1%          2

Your spell library contained the following spells:

 Spells                   Type           Power      Damage    Failure   Level
 Foxfire                  Conj/Fire      88%        2x1d8     1%          1
 Kiss of Death            Conj/Necr      88%        2d12      1%          1
 Shock                    Conj/Air       88%        1d8       1%          1
 Ensorcelled Hibernation  Hex/Ice        44%        N/A       1%          2
 Confusing Touch          Hex            22%        N/A       2%          3
 Dazzling Flash           Conj/Hex       44%        N/A       2%          3
 Gell's Gravitas          Tloc           22%        N/A       2%          3
 Swiftness                Air            22%        N/A       2%          3
 Teleport Other           Tloc           22%        N/A       2%          3
 Volatile Blastmotes      Fire/Tloc      44%        2d13      2%          3
 Airstrike                Air            11%        2d(2-18)  9%          4
 Dispel Undead            Necr           22%        3d12      9%          4
 Iskenderun's Mystic Bla  Conj/Tloc      22%        2d6       9%          4
 Dispersal                Tloc           11%        N/A       77%         6
 Starburst                Conj/Fire      11%        6d5       77%         6


Dungeon Overview and Level Annotations

Branches:
Dungeon (10/15)            Temple (1/1) D:6             Orc (0/2) D:10
 Bailey (visited)
   Lair: D:8-11

Altars:
Ashenzari
Cheibriados
Dithmenos
Elyvilon
Fedhas
Gozag
Hepliaklqana
Kikubaaqudgha
Makhleb
Nemelex Xobeh
Okawaru
Qazlal
Ru
Sif Muna
Trog
Uskayaw
Vehumet
Wu Jian
Xom
Zin
The Shining One

Annotations:
D:10 Fannar


Innate Abilities, Weirdness & Mutations

You are a tree.
Your roots penetrate the ground, keeping you stationary.
You cannot be teleported.
You are immune to unholy pain and torment.
Your maximum health is greatly increased.
Your equipment is partially melded.
You possess an exceptional clarity of mind.
Your mind is acute. (Int +4, Str/Dex -1)
You occasionally lose the ability to drink potions when taking damage.


Message History

* * * LOW HITPOINT WARNING * * *
Really quaff the potion of lignification?
You turn into a tree.
Your +0 cloak melds into your body.
Your +2 helmet melds into your body.
Your +0 pair of gloves melds into your body.
Your +2 robe of fire resistance melds into your body.
You feel less resistant to fire.
Your roots penetrate the ground.
You feel better.
Casting: Petrify (mildly dangerous; 1% risk of failure)
Confirm with . or Enter, or press ? or * to list all spells.
Aiming: Stone Arrow (safe; 1% risk of failure)
Press: ? - help, Shift-Dir - straight line, f/p - Fannar
Aim: Fannar, wielding a staff of cold and wearing a +1 robe of cold resistance (63% to hit)
The stone arrow hits Fannar!
Fannar is lightly wounded.
Casting: Stone Arrow (safe; 1% risk of failure)
Confirm with . or Enter, or press ? or * to list all spells.
You don't have enough magic to cast this spell.
Magic courses through your body.
Fannar mumbles some strange words.
Fannar drains the heat from the surrounding environment!
* * * LOW HITPOINT WARNING * * *
Casting: Stone Arrow (safe; 1% risk of failure)
Confirm with . or Enter, or press ? or * to list all spells.
Aiming: Stone Arrow (safe; 1% risk of failure)
Press: ? - help, Shift-Dir - straight line, f/p - Fannar
Aim: Fannar, wielding a staff of cold and wearing a +1 robe of cold resistance (lightly wounded, 63% to hit)
The stone arrow hits Fannar!!
Fannar is heavily wounded.
Fannar hits you with a staff of cold.
* * * LOW HITPOINT WARNING * * *
Fannar freezes you.
* * * LOW HITPOINT WARNING * * *
It was a potion of mutation.
You feel extremely strange.
You feel clever.
Your thoughts seem clearer.
You occasionally lose the ability to drink potions when taking damage.
Fannar casts a spell.
Fannar drains the heat from the surrounding environment!
You feel threatened and lose the ability to drink potions!
You die...

#..........# ....8....
#..........#..........
#.....................
#...........8....>....
#................
#..........#.....
#..........#.....
#..........####..
#....♣........
#...e.........
#.............
#.............
#.............
#.............
#.#######..#. .. ..#


You could see Fannar.

Vanquished Creatures
  A two-headed ogre (D:9)
  Pikel (D:7)
  A troll (D:10)
  Sigmund (D:3)
  A wyvern (D:7)
  2 water moccasins
  Duvessa (D:5)
  7 orc warriors
  2 ice beasts
  2 ogres
  2 black bears
  4 centaurs
  2 phantoms
  9 kobold brigands
  A gnoll sergeant (D:8)
  2 bullfrogs
  3 scorpions
  Dowan (D:5)
  9 wights (D:8)
  14 killer bees
  2 hounds
  A jelly (D:5)
  6 orc priests
  Crazy Yiuf (D:6)
  3 sleepcaps
  3 iguanas
  10 orc wizards
  8 gnolls
  6 adders
  2 shadow imps (D:4)
  5 white imps
  An ufetubus (D:5)
  2 worms
  3 dart slugs
  25 orcs
  5 ball pythons
  8 bats
  4 endoplasms
  13 giant cockroaches
  8 goblins
  8 hobgoblins
  3 jackals (D:2)
  25 kobolds
  7 quokkas
  4 frilled lizards
  7 rats
236 creatures vanquished.

Notes
Turn   | Place    | Note
-------+----------+-------------------------------------------
     0 | D:1      | Heoruswealwe the Deep Elf Earth Elementalist began the
                  | quest for the Orb.
     0 | D:1      | Reached XP level 1. HP: 10/10 MP: 6/6
   201 | D:1      | Reached XP level 2. HP: 15/15 MP: 0/8
   204 | D:1      | Learned a level 2 spell: Passwall
   472 | D:1      | Found a faded altar of an unknown god.
   655 | D:2      | Reached skill level 4 in Spellcasting
   688 | D:2      | Reached XP level 3. HP: 19/19 MP: 6/10
   694 | D:2      | Learned a level 3 spell: Stone Arrow
   696 | D:2      | Got Nittiare's Guide on the Cwm
  1305 | D:2      | Found Ofesmuown's Distillery.
  1363 | D:2      | Bought a potion of flight for 42 gold pieces
  1858 | D:3      | Reached XP level 4. HP: 24/24 MP: 9/12
  1981 | D:3      | Noticed Sigmund
  2008 | D:3      | Reached skill level 5 in Spellcasting
  2008 | D:3      | Killed Sigmund
  2009 | D:3      | Reached skill level 6 in Spellcasting
  2009 | D:3      | Reached skill level 5 in Earth Magic
  2009 | D:3      | Reached XP level 5. HP: 24/28 MP: 6/15
  2096 | D:3      | Learned a level 4 spell: Petrify
  2101 | D:3      | Learned a level 4 spell: Animate Armour
  2436 | D:3      | Found a hazy altar of Hepliaklqana.
  2598 | D:2      | Bought a potion of degeneration for 14 gold pieces
  2598 | D:2      | Bought a potion of lignification for 42 gold pieces
  2598 | D:2      | Bought a potion of curing for 42 gold pieces
  2691 | D:4      | Reached XP level 6. HP: 32/32 MP: 12/17
  2735 | D:4      | Reached skill level 7 in Spellcasting
  2786 | D:4      | Found a transporter.
  2827 | D:4      | Found a transporter.
  2871 | D:4      | Found an ornate altar of the Wu Jian Council.
  3126 | D:4      | Reached XP level 7. HP: 36/36 MP: 16/19
  3133 | D:4      | Learned a level 6 spell: Statue Form
  3165 | D:4      | Found a white marble altar of Elyvilon.
  3318 | D:4      | Found a burning altar of Makhleb.
  3318 | D:4      | Noticed an Executioner
  3321 | D:4      | Noticed a neqoxec
  3321 | D:4      | Noticed a smoke demon
  3723 | D:5      | Entered Level 5 of the Dungeon
  3727 | D:5      | Reached skill level 8 in Spellcasting
  3738 | D:5      | Noticed Dowan
  3739 | D:5      | Noticed Duvessa
  3743 | D:5      | Killed Duvessa
  3746 | D:5      | Killed Dowan
  3774 | D:5      | Reached skill level 9 in Spellcasting
  3851 | D:5      | Reached XP level 8. HP: 41/41 MP: 21/23
  4413 | D:6      | Reached skill level 10 in Spellcasting
  4497 | D:6      | Found a runed translucent door.
  4498 | D:6      | Noticed Crazy Yiuf
  4504 | D:6      | Killed Crazy Yiuf
  4997 | D:6      | You fall into a shaft and drop 3 floors!
  5099 | D:8      | Reached skill level 11 in Spellcasting
  5132 | D:8      | Reached XP level 9. HP: 32/45 MP: 14/26
  5154 | D:8      | Found a blossoming altar of Fedhas.
  5163 | D:8      | Reached skill level 10 in Earth Magic
  5284 | D:8      | Reached skill level 12 in Spellcasting
  5369 | D:8      | Found a hide-covered altar of Uskayaw.
  5473 | D:8      | Found a flagged portal.
  5497 | Bailey   | Entered a bailey
  5628 | Bailey   | Reached skill level 13 in Spellcasting
  5698 | Bailey   | Found an iron altar of Okawaru.
  5895 | D:7      | Identified the amulet of Ratuymn {Reflect rN++ Will+ Regen+
                  | rCorr SH+5}
  5912 | D:7      | Found an iron altar of Okawaru.
  5919 | D:7      | Reached XP level 10. HP: 50/50 MP: 24/29
  5999 | D:7      | Noticed Pikel
  6003 | D:7      | Killed Pikel
  6055 | D:7      | Reached skill level 14 in Spellcasting
  6078 | D:7      | Found a stormy altar of Qazlal.
  6226 | D:6      | Found a staircase to the Ecumenical Temple.
  6262 | D:6      | Found a shimmering altar of Xom.
  6368 | Temple   | Entered the Ecumenical Temple
  6368 | Temple   | Found a transporter.
  6368 | Temple   | Found a transporter.
  6370 | Temple   | Found a transporter.
  6370 | Temple   | Found a transporter.
  6400 | Temple   | Became a worshipper of Vehumet
  6683 | D:2      | Bought a potion of attraction for 42 gold pieces
  6683 | D:2      | Bought a potion of flight for 42 gold pieces
  6683 | D:2      | Bought a potion of flight for 42 gold pieces
  6683 | D:2      | Bought a potion of brilliance for 56 gold pieces
  6683 | D:2      | Bought a potion of magic for 112 gold pieces
  6683 | D:2      | Bought a potion of berserk rage for 70 gold pieces
  6806 | D:6      | You fall into a shaft and drop 1 floor!
  7623 | D:8      | Found a bloodstained altar of Trog.
  7839 | D:9      | Noticed a two-headed ogre
  7845 | D:9      | Killed a two-headed ogre
  8382 | D:10     | Entered Level 10 of the Dungeon
  8397 | D:10     | Reached skill level 15 in Spellcasting
  8414 | D:10     | Identified the ring "Ucihidau" {Wiz rPois rF+ Will+}
  8463 | D:10     | Reached * piety under Vehumet
  8463 | D:10     | Offered knowledge of Foxfire by Vehumet.
  8469 | D:10     | Found a staircase to the Orcish Mines.
  8482 | D:10     | Noticed Fannar
  8493 | D:10     | Gained mutation: Your mind is acute. (Int +4, Str/Dex -1)
                  | [potion of mutation]
  8493 | D:10     | Gained mutation: You possess an exceptional clarity of
                  | mind. [potion of mutation]
  8493 | D:10     | Gained mutation: You occasionally lose the ability to drink
                  | potions when taking damage. [potion of mutation]
  8493 | D:10     | Mangled by Fannar

Illustrated notes

Levels and vault maps discovered:
D:1:      dpeg_arrival_refuge, layout_loops_ring, basic_ecumenical_altar,
          chequers_serial_rivers_room_a
D:2:      layout_basic, serial_shops, nicolae_shop_tiny_waterfront
D:3:      minmay_roachtagon, layout_basic, worldfamousw_hep_ancestral_shrine,
          uniq_sigmund
D:4:      gammafunk_wand_slinger, layout_basic, kennysheep_mini_moat,
          makhleb_altar_promises_db, mainiacjoe_overflow_six_doors_small
D:5:      layout_basic, uniq_duvessa
D:6:      layout_loops_corners, amcnicky_altar_gilded,
          minmay_temple_entry_gardened_gates, uniq_crazy_yiuf_cottage
D:7:      layout_rooms, grunt_qazlal_sundering, nicolae_overflow_hidden_temple,
          uniq_pikel
D:8:      layout_loops_ring, nicolae_uskayaw_dance_hall,
          fedhas_bush_and_centaur_altar, mainiacjoe_overflow_catwalk,
          enter_bailey_2
D:9:      layout_irregular_city
D:10:     layout_grid_maze, mainiacjoe_overflow_cross_hatched, david_orc_2,
          serial_shops, shop, uniq_harold, uniq_erolcha, uniq_joseph,
          uniq_fannar
Temple:   hellmonk_temple_divided_pantheon

Skill      XL: |  1  2  3  4  5  6  7  8  9 10 |
---------------+-------------------------------+-----
Spellcasting   | 4 6 7 9 11 13 15 | 15.2
Earth Magic    | 4 5 6 7 9 11 13 | 13.0
Dodging        | |  2.4
Stealth        | |  2.4
Transmutations | |  1.1

Action                     |  1- 3 |  4- 6 |  7- 9 | 10-12 || total
---------------------------+-------+-------+-------+-------++-------
  Melee: Dagger            |       |     4 |       |       ||     4
         Rapier            |       |    10 |       |    15 ||    25
         Punch             |       |     1 |       |     1 ||     2
         Battleaxe         |       |       |       |   232 ||   232
   Cast: Sandblast         |    71 |    37 |   170 |    73 ||   351
         Passwall          |     6 |     3 |     4 |     2 ||    15
         Stone Arrow       |       |       |    10 |    14 ||    24
         Petrify           |       |       |       |     4 ||     4
    Use: Scroll            |     5 |       |     3 |     1 ||     9
         Potion            |       |     1 |     3 |     6 ||    10
 Armour: Robe              |     1 |     8 |     6 |    22 ||    37
  Dodge: Dodged            |     7 |     8 |    49 |    25 ||    89
  Block: Other             |       |       |       |    15 ||    15
         Reflection        |       |       |       |     2 ||     2
